| TOP OF THE 1ST |
|
Calgary Flames batting - Pitching for Madison Brewers : LHP Dusty Bryant
|
|
Pitching: LHP Dusty Bryant
|
|
|
Batting: RHB Devon Dill
|
0-0: Called Strike 0-1: Ball 1-1: Ball 2-1: Ball 3-1: Foul Ball, location: 2F 3-2: SINGLE (Groundball, 6MD, EV 103.1 MPH)
|
|
Batting: RHB Alex Collazo
|
0-0: Ball 1-0: Swinging Strike 1-1: Ball 2-1: Grounds into double play, 5-4-3 (Groundball, 56, EV 88.1 MPH)
|
|
Batting: RHB Kevin Davis
|
0-0: Ball 1-0: Ball 2-0: Ball 3-0: Base on Balls
|
|
Batting: RHB Phil McFadden
|
0-0: Called Strike 0-1: Ball 1-1: Foul Ball, location: 2F 1-2: Strikes out swinging
|
| Top of the 1st over - 0 runs, 1 hit, 0 errors, 1 left on base; Calgary 0 - Madison 0 |
| BOTTOM OF THE 1ST |
|
Madison Brewers batting - Pitching for Calgary Flames : RHP Scott Howarth
|
|
Pitching: RHP Scott Howarth
|
|
|
Batting: RHB Mohammed bin Ubaida
|
0-0: Called Strike 0-1: Swinging Strike 0-2: Ball 1-2: DOUBLE (Line Drive, 8LD, EV 97.5 MPH)
|
|
Batting: LHB Tony Hasbun
|
0-0: Called Strike 0-1: 2-RUN HOME RUN (Flyball, 9LD, EV 95.0 MPH), Distance : 350 ft
|
|
Batting: LHB John Fortin
|
0-0: Foul Ball, location: 2F 0-1: Ball 1-1: Fly out, F7 (Flyball, 7, EV 85.6 MPH)
|
|
Batting: LHB Steven Donovan
|
0-0: Ball 1-0: Ball 2-0: Called Strike 2-1: Foul Ball, location: 2F 2-2: SINGLE (Groundball, 56D, EV 103.1 MPH)
|
|
Batting: RHB Tony Beaumond
|
0-0: Called Strike 0-1: Fly out, F9 (Flyball, 89M, EV 90.6 MPH)
|
|
Batting: RHB Steve Errico
|
0-0: Foul Ball, location: 2F 0-1: Ball 1-1: DOUBLE (Flyball, 8LXD, EV 88.1 MPH) Steven Donovan to third
|
|
Batting: LHB Jesus Huante
|
0-0: Called Strike 0-1: Called Strike 0-2: Ground out 4-3 (Groundball, 34D, EV 83.8 MPH)
|
| Bottom of the 1st over - 2 runs, 4 hits, 0 errors, 2 left on base; Calgary 0 - Madison 2 |
| TOP OF THE 2ND |
|
Calgary Flames batting - Pitching for Madison Brewers : LHP Dusty Bryant
|
|
Batting: RHB Yuusei Narita
|
0-0: Fly out, F9 (Flyball, 9LS, EV 88.8 MPH)
|
|
Batting: SHB Shawnie Codbucket
|
0-0: Ball 1-0: Ball 2-0: Fly out, F9 (Flyball, 9, EV 83.8 MPH)
|
|
Batting: SHB Erick Hamburger
|
0-0: Called Strike 0-1: Bunt missed! 0-2: Fly out, F9 (Flyball, 9, EV 97.5 MPH)
|
| Top of the 2nd over - 0 runs, 0 hits, 0 errors, 0 left on base; Calgary 0 - Madison 2 |
| BOTTOM OF THE 2ND |
|
Madison Brewers batting - Pitching for Calgary Flames : RHP Scott Howarth
|
|
Batting: LHB Alex Chairez
|
0-0: Called Strike 0-1: Called Strike 0-2: Fly out, F9 (Line Drive, 9, EV 91.9 MPH)
|
|
Batting: RHB Manny Olave
|
0-0: Ball 1-0: Ball 2-0: Swinging Strike 2-1: Ball 3-1: Base on Balls
|
|
Batting: RHB Mohammed bin Ubaida
|
0-0: Fly out, F7 (Flyball, 7D, EV 74.4 MPH)
|
|
Batting: LHB Tony Hasbun
|
0-0: Called Strike Manny Olave is caught stealing 2nd base 2-6
|
| Bottom of the 2nd over - 0 runs, 0 hits, 0 errors, 0 left on base; Calgary 0 - Madison 2 |
| TOP OF THE 3RD |
|
Calgary Flames batting - Pitching for Madison Brewers : LHP Dusty Bryant
|
|
Batting: RHB Antonio Martinez
|
0-0: Ground out 4-3 (Groundball, 4S, EV 87.5 MPH)
|
|
Batting: RHB Tyler Johnson
|
0-0: Ball 1-0: Ground out 6-3 (Groundball, 6, EV 103.1 MPH)
|
|
Batting: RHB Devon Dill
|
0-0: Ball 1-0: Called Strike 1-1: Called Strike 1-2: Strikes out swinging
|
| Top of the 3rd over - 0 runs, 0 hits, 0 errors, 0 left on base; Calgary 0 - Madison 2 |
| BOTTOM OF THE 3RD |
|
Madison Brewers batting - Pitching for Calgary Flames : RHP Scott Howarth
|
|
Batting: LHB Tony Hasbun
|
0-0: Called Strike 0-1: DOUBLE (Flyball, 8LXD, EV 111.2 MPH)
|
|
Batting: LHB John Fortin
|
0-0: Ball 1-0: Foul Ball, location: 2F 1-1: Ball 2-1: SINGLE (Groundball, 6MD, EV 96.2 MPH) Tony Hasbun to third
|
|
Batting: LHB Steven Donovan
|
0-0: Called Strike 0-1: Called Strike John Fortin is caught stealing 2nd base 2-6 0-2: Strikes out swinging
|
|
Batting: RHB Tony Beaumond
|
0-0: Called Strike 0-1: Foul Ball, location: 2F 0-2: Strikes out swinging
|
| Bottom of the 3rd over - 0 runs, 2 hits, 0 errors, 1 left on base; Calgary 0 - Madison 2 |
| TOP OF THE 4TH |
|
Calgary Flames batting - Pitching for Madison Brewers : LHP Dusty Bryant
|
|
Batting: RHB Alex Collazo
|
0-0: Called Strike 0-1: Called Strike 0-2: Ball 1-2: Strikes out swinging
|
|
Batting: RHB Kevin Davis
|
0-0: Called Strike 0-1: Called Strike 0-2: Ball 1-2: Ball 2-2: Foul Ball, location: 2F 2-2: Ball 3-2: Foul Ball, location: 2F 3-2: Foul Ball, location: 2F 3-2: Base on Balls
|
|
Batting: RHB Phil McFadden
|
0-0: Ball 1-0: Foul Ball, location: 2F 1-1: Ball 2-1: Ball 3-1: Base on Balls Kevin Davis to second
|
|
Batting: RHB Yuusei Narita
|
0-0: Fly out, F9 (Flyball, 89S, EV 89.4 MPH)
|
|
Batting: SHB Shawnie Codbucket
|
0-0: Ball 1-0: Ball 2-0: Ground out 4-3 (Groundball, 4, EV 80.6 MPH)
|
| Top of the 4th over - 0 runs, 0 hits, 0 errors, 2 left on base; Calgary 0 - Madison 2 |
| BOTTOM OF THE 4TH |
|
Madison Brewers batting - Pitching for Calgary Flames : RHP Scott Howarth
|
|
Batting: RHB Steve Errico
|
0-0: Ball 1-0: Called Strike 1-1: Ground out 6-3 (Groundball, 6, EV 83.8 MPH)
|
|
Batting: LHB Jesus Huante
|
0-0: Ball 1-0: Foul Ball, location: 2F 1-1: Foul Ball, location: 2F 1-2: Strikes out looking
|
|
Batting: LHB Alex Chairez
|
0-0: Ball 1-0: Ball 2-0: Ball 3-0: Base on Balls
|
|
Batting: RHB Manny Olave
|
0-0: Ball 1-0: Ball 2-0: Swinging Strike 2-1: SINGLE (Groundball, 56D, EV 98.8 MPH) Alex Chairez to second
|
|
Batting: RHB Mohammed bin Ubaida
|
0-0: Ball 1-0: Ball 2-0: Called Strike 2-1: Foul Ball, location: 2F 2-2: Foul Ball, location: 2F 2-2: Fly out, F9 (Flyball, 9D, EV 88.1 MPH)
|
| Bottom of the 4th over - 0 runs, 1 hit, 0 errors, 2 left on base; Calgary 0 - Madison 2 |
| TOP OF THE 5TH |
|
Calgary Flames batting - Pitching for Madison Brewers : LHP Dusty Bryant
|
|
Batting: SHB Erick Hamburger
|
0-0: Called Strike 0-1: SINGLE (Groundball, 6MD, EV 102.5 MPH)
|
|
Batting: RHB Antonio Martinez
|
0-0: Ball Erick Hamburger steals 2nd, throwing error, E2 Erick Hamburger to third 1-0: Ball 2-0: Ball 3-0: Called Strike 3-1: Base on Balls
|
|
Pitching: RHP Mario Lopez
|
|
|
Batting: RHB Tyler Johnson
|
0-0: Ball 1-0: Hit by Pitch Antonio Martinez to second
|
|
Batting: RHB Devon Dill
|
0-0: Ball 1-0: Ball 2-0: Called Strike 2-1: Fly out, F9 (Flyball, 9, EV 81.9 MPH) Runner from 3rd tags up, SCORES, throw by RF Antonio Martinez to third
|
|
Batting: RHB Alex Collazo
|
0-0: Ball 1-0: SINGLE (Line Drive, 7S, EV 103.1 MPH) Antonio Martinez scores Tyler Johnson to second
|
|
Batting: RHB Kevin Davis
|
0-0: Called Strike 0-1: Ball Balk! Tyler Johnson to third Alex Collazo to second 1-1: Fly out, F9 (Flyball, 9, EV 93.8 MPH)
|
|
Batting: RHB Phil McFadden
|
0-0: Ball 1-0: Called Strike 1-1: Fly out, F8 (Flyball, 8RM, EV 96.2 MPH)
|
| Top of the 5th over - 2 runs, 2 hits, 1 error, 2 left on base; Calgary 2 - Madison 2 |
| BOTTOM OF THE 5TH |
|
Madison Brewers batting - Pitching for Calgary Flames : RHP Scott Howarth
|
|
Batting: LHB Tony Hasbun
|
0-0: Swinging Strike 0-1: Swinging Strike 0-2: Foul Ball, location: 2F 0-2: Strikes out swinging
|
|
Batting: LHB John Fortin
|
0-0: Ball 1-0: Ball 2-0: Called Strike 2-1: Foul Ball, location: 2F 2-2: Foul Ball, location: 2F 2-2: Ball 3-2: Ground out 3-1 (Groundball, 34S, EV 80.0 MPH)
|
|
Batting: LHB Steven Donovan
|
0-0: Ball 1-0: Ball 2-0: Called Strike 2-1: Swinging Strike 2-2: Ball 3-2: Strikes out looking
|
| Bottom of the 5th over - 0 runs, 0 hits, 0 errors, 0 left on base; Calgary 2 - Madison 2 |
| TOP OF THE 6TH |
|
Calgary Flames batting - Pitching for Madison Brewers : RHP Mario Lopez
|
|
Batting: RHB Yuusei Narita
|
0-0: Called Strike 0-1: Fly out, F9 (Flyball, 9S, EV 83.8 MPH)
|
|
Batting: SHB Shawnie Codbucket
|
0-0: Called Strike 0-1: Foul Ball, location: 2F 0-2: Fly out, F8 (Flyball, 89M, EV 75.0 MPH)
|
|
Batting: SHB Erick Hamburger
|
0-0: Fly out, F9 (Flyball, 9LSF, EV 96.9 MPH)
|
| Top of the 6th over - 0 runs, 0 hits, 0 errors, 0 left on base; Calgary 2 - Madison 2 |
| BOTTOM OF THE 6TH |
|
Madison Brewers batting - Pitching for Calgary Flames : RHP Scott Howarth
|
|
Batting: RHB Tony Beaumond
|
0-0: Swinging Strike 0-1: Ball 1-1: Ball 2-1: Foul Ball, location: 2F 2-2: Ball 3-2: SOLO HOME RUN (Flyball, 7D, EV 94.4 MPH), Distance : 359 ft
|
|
Batting: RHB Steve Errico
|
0-0: Reached on error, E6 (Groundball, 6, EV 101.2 MPH)
|
|
Pitching: LHP Jay Bowen
|
|
|
Batting: LHB Jesus Huante
|
0-0: Ball 1-0: Swinging Strike 1-1: Foul Ball, location: 2F 1-2: SINGLE (Line Drive, 78M, EV 89.4 MPH) Steve Errico to second
|
|
Batting: LHB Alex Chairez
|
0-0: Ball Wild Pitch! Steve Errico to third Jesus Huante to second 1-0: Foul Ball, location: 2F 1-1: Foul Ball, location: 2F 1-2: Ball 2-2: Foul Ball, location: 2F 2-2: Ground out U3 (Groundball, 3, EV 88.1 MPH)
|
|
Batting: RHB Manny Olave
|
0-0: Swinging Strike 0-1: Ball 1-1: Ball 2-1: Foul Ball, location: 2F 2-2: Strikes out swinging
|
|
Batting: RHB Mohammed bin Ubaida
|
0-0: Called Strike 0-1: Foul Ball, location: 2F 0-2: Ball 1-2: Strikes out swinging
|
| Bottom of the 6th over - 1 run, 2 hits, 1 error, 2 left on base; Calgary 2 - Madison 3 |
| TOP OF THE 7TH |
|
Calgary Flames batting - Pitching for Madison Brewers : RHP Mario Lopez
|
|
Batting: RHB Antonio Martinez
|
0-0: Called Strike 0-1: SINGLE (Line Drive, 5D, EV 96.9 MPH)
|
|
Batting: RHB Tyler Johnson
|
0-0: Ball Antonio Martinez is caught stealing 2nd base 2-4 1-0: Foul Ball, location: 2F 1-1: Ball 2-1: Ball 3-1: Base on Balls
|
|
Batting: RHB Devon Dill
|
0-0: Ball 1-0: Ball 2-0: Called Strike 2-1: Ball 3-1: SINGLE (Flyball, 89S, EV 89.4 MPH) Tyler Johnson to second Runner from 2nd tries for 3rd, SAFE, throw by RF made to third
|
|
Batting: RHB Alex Collazo
|
0-0: Ball Devon Dill steals 2nd, throwing error, E2 Tyler Johnson scores Devon Dill to third 1-0: Ground out 5-3 (Groundball, 56, EV 86.2 MPH)
|
|
Batting: RHB Kevin Davis
|
0-0: Swinging Strike 0-1: Ball 1-1: Fly out, F9 (Flyball, 9, EV 88.8 MPH)
|
| Top of the 7th over - 1 run, 2 hits, 1 error, 1 left on base; Calgary 3 - Madison 3 |
| BOTTOM OF THE 7TH |
|
Madison Brewers batting - Pitching for Calgary Flames : LHP Jay Bowen
|
|
Pitching: LHP Manny Santiago
|
|
|
Pinch Hitting: RHB Lorenzo Diaz
|
0-0: Called Strike 0-1: Called Strike 0-2: Ball 1-2: Ball 2-2: Strikes out swinging
|
|
Batting: LHB John Fortin
|
0-0: Ball 1-0: Called Strike 1-1: Ball 2-1: Ball 3-1: Called Strike 3-2: Base on Balls
|
|
Batting: LHB Steven Donovan
|
0-0: Ball 1-0: Swinging Strike 1-1: SINGLE (Groundball, 34D, EV 94.4 MPH) John Fortin to second Runner from 2nd tries for 3rd, SAFE, throw by RF made to third
|
|
Batting: RHB Tony Beaumond
|
0-0: Ground out 5-3 (Groundball, 5, EV 92.5 MPH) Steven Donovan to second
|
|
Batting: RHB Steve Errico
|
0-0: Called Strike 0-1: Ball 1-1: Called Strike 1-2: Foul Ball, location: 2F 1-2: Foul Ball, location: 2F 1-2: Ball 2-2: Foul Ball, location: 2F 2-2: Ground out 6-3 (Groundball, 56, EV 77.5 MPH)
|
| Bottom of the 7th over - 0 runs, 1 hit, 0 errors, 2 left on base; Calgary 3 - Madison 3 |
| TOP OF THE 8TH |
|
Calgary Flames batting - Pitching for Madison Brewers : RHP Mario Lopez
|
|
Now at 2B: Lorenzo Diaz
|
|
|
Batting: RHB Phil McFadden
|
0-0: Ball 1-0: Foul Ball, location: 2F 1-1: Swinging Strike 1-2: Ball 2-2: Strikes out looking
|
|
Batting: RHB Yuusei Narita
|
0-0: Called Strike 0-1: Foul Ball, location: 2F 0-2: Fly out, F3 (Popup, 3S, EV 68.8 MPH)
|
|
Batting: SHB Shawnie Codbucket
|
0-0: Ball 1-0: Ball 2-0: Called Strike 2-1: Ball 3-1: SINGLE (Groundball, 6D, EV 106.2 MPH)
|
|
Batting: SHB Erick Hamburger
|
0-0: Ball 1-0: Ball 2-0: Called Strike 2-1: Ball 3-1: Foul Ball, location: 2F 3-2: Ground out 5-3 (Groundball, 56S, EV 68.8 MPH)
|
| Top of the 8th over - 0 runs, 1 hit, 0 errors, 1 left on base; Calgary 3 - Madison 3 |
| BOTTOM OF THE 8TH |
|
Madison Brewers batting - Pitching for Calgary Flames : LHP Manny Santiago
|
|
Pitching: RHP Sam Barbuto
|
|
|
Batting: LHB Jesus Huante
|
0-0: Fly out, F2 (Popup, 25F, EV 89.4 MPH)
|
|
Batting: LHB Alex Chairez
|
0-0: Fly out, F8 (Flyball, 78M, EV 88.1 MPH)
|
|
Batting: RHB Manny Olave
|
0-0: Ball 1-0: Called Strike 1-1: Called Strike 1-2: Ground out 4-3 (Groundball, 34, EV 103.1 MPH)
|
| Bottom of the 8th over - 0 runs, 0 hits, 0 errors, 0 left on base; Calgary 3 - Madison 3 |
| TOP OF THE 9TH |
|
Calgary Flames batting - Pitching for Madison Brewers : RHP Mario Lopez
|
|
Batting: RHB Antonio Martinez
|
0-0: Ball 1-0: Ball 2-0: DOUBLE (Flyball, 8LD, EV 91.2 MPH)
|
|
Batting: RHB Tyler Johnson
|
0-0: Fly out, F9 (Flyball, 9, EV 89.4 MPH)
|
|
Batting: RHB Devon Dill
|
0-0: Ball 1-0: Ball 2-0: Foul Ball, location: 2F 2-1: Ball Wild Pitch! Antonio Martinez to third Squeeze bunt is on, Antonio Martinez is out 3-2: SOLO HOME RUN (Flyball, 7LD, EV 95.6 MPH), Distance : 338 ft
|
|
Pitching: RHP Troy Morin
|
|
|
Batting: RHB Alex Collazo
|
0-0: Ball 1-0: Called Strike 1-1: Called Strike 1-2: Reached on error, E5 (Groundball, 5, EV 84.4 MPH)
|
|
Batting: RHB Kevin Davis
|
0-0: Swinging Strike 0-1: Ball 1-1: Swinging Strike 1-2: Ball 2-2: Foul Ball, location: 2F 2-2: 2-RUN HOME RUN (Flyball, 7D, EV 92.5 MPH), Distance : 356 ft
|
|
Batting: RHB Phil McFadden
|
0-0: Called Strike 0-1: Fly out, F9 (Flyball, 9, EV 83.1 MPH)
|
| Top of the 9th over - 3 runs, 3 hits, 1 error, 0 left on base; Calgary 6 - Madison 3 |
| BOTTOM OF THE 9TH |
|
Madison Brewers batting - Pitching for Calgary Flames : RHP Sam Barbuto
|
|
Batting: RHB Mohammed bin Ubaida
|
0-0: Ball 1-0: Ball 2-0: Foul Ball, location: 2F 2-1: Ball 3-1: Base on Balls
|
|
Pinch Hitting: RHB Wiliama Dana
|
0-0: SINGLE (Line Drive, 4D, EV 104.4 MPH) Mohammed bin Ubaida to second
|
|
Batting: LHB John Fortin
|
0-0: SINGLE (Line Drive, 8LS, EV 112.5 MPH) Mohammed bin Ubaida to third Wiliama Dana to second
|
|
Batting: LHB Steven Donovan
|
0-0: Ball 1-0: Ball 2-0: Ball 3-0: Called Strike 3-1: Base on Balls Mohammed bin Ubaida scores Wiliama Dana to third John Fortin to second
|
|
Batting: RHB Tony Beaumond
|
0-0: Reached on error, E4 (Groundball, 4, EV 83.8 MPH) Wiliama Dana scores John Fortin to third Steven Donovan to second
|
|
Batting: RHB Steve Errico
|
0-0: Called Strike 0-1: Ball 1-1: Foul Ball, location: 2F 1-2: Strikes out swinging
|
|
Batting: LHB Jesus Huante
|
0-0: Called Strike 0-1: Ball 1-1: Ball 2-1: Grounds into double play, 6-2-3 (Groundball, 6, EV 83.1 MPH)
|
| Bottom of the 9th over - 2 runs, 2 hits, 1 error, 2 left on base; Calgary 6 - Madison 5 |
|